 Dungeon Crawl Stone Soup version 0.23.0-3-gf3c87f2df8 (webtiles) character file.

Game seed: 11609109141355717485

177 H0rd4k the Charlatan (level 5, -3/37 HPs)
             Began as a Human Artificer on Feb 22, 2019.
             Killed from afar by an orc wizard (7 damage)
             ... with a magic dart
             ... on level 4 of the Dungeon.
             The game lasted 00:05:54 (4337 turns).

H0rd4k the Charlatan (Human Artificer)              Turns: 4337, Time: 00:05:55

Health: -3/37      AC:  3    Str: 11 (13) XL:     5   Next: 87%
Magic:  7/7        EV: 12    Int: 10 (12) God:
Gold:   191        SH:  0    Dex: 12 (13) Spells: 1/4 levels left

rFire    . . .     SeeInvis .   a - +0 short sword
rCold    . . .     Gourm    .   (no shield)
rNeg     . . .     Faith    .   b - +0 leather armour
rPois    .         Spirit   .   (no helmet)
rElec    .         Reflect  .   (no cloak)
rCorr    .         Harm     .   (no gloves)
MR       .....                  (no boots)
Stlth    ++........             (no amulet)
HPRegen  0.12/turn              (no ring)
MPRegen  0.10/turn              (no ring)

@: no status effects
A: no striking features
a: no special abilities


You were on level 4 of the Dungeon.
You were very hungry.

You visited 1 branch of the dungeon, and saw 4 of its levels.

You collected 191 gold pieces.

Inventory:

Hand Weapons
 a - a +0 short sword (weapon)
Armour
 b - a +0 leather armour (worn)
 g - a +0 helmet
Jewellery
 i - an uncursed ring of stealth
 s - a +2 ring of protection {unknown}
Wands
 d - a wand of enslavement (15)
 e - a wand of random effects (13)
 v - a wand of acid (11)
Scrolls
 c - 2 scrolls of enchant weapon {unknown}
 h - 3 scrolls of enchant armour {unknown}
 j - 2 scrolls of blinking {unknown}
 k - a scroll of teleportation {unknown}
 m - 2 scrolls of identify {unknown}
 n - 2 scrolls of remove curse {unknown}
 q - 2 scrolls of amnesia {unknown}
 u - 2 scrolls of fog {unknown}
 w - a scroll of random uselessness {unknown}
Potions
 l - 3 potions of resistance
 o - a potion of berserk rage {unknown}
 p - a potion of lignification {unknown}
 r - 2 potions of heal wounds
 t - 2 potions of agility {unknown}
 x - 3 potions of curing {unknown}
 z - 2 potions of cancellation {unknown}
Comestibles
 f - 4 rations


   Skills:
 + Level 1.5 Fighting
 + Level 2.2 Short Blades
 + Level 1.9 Armour
 + Level 3.2 Dodging
 + Level 2.1 Stealth
 + Level 0.2 Spellcasting
 + Level 3.6 Evocations


You had one spell level left.
You knew the following spells:

 Your Spells              Type           Power        Failure   Level  Hunger
a - Confusing Touch       Hex            #.....       43%         1    ##.....
b - Blink                 Tloc           N/A          58%         2    ###....

Your spell library contained the following spells:

 Spells                   Type           Power        Failure   Level  Hunger
 Magic Dart               Conj           #...         45%         1    ##.....
 Call Imp                 Summ           #.......     58%         2    ###....
 Slow                     Hex            #.......     58%         2    ###....
 Confuse                  Hex            #.......     82%         3    ####...
 Conjure Flame            Conj/Fire      #.......     83%         3    ####...
 Gell's Gravitas          Tloc           #.........   83%         3    ####...
 Mephitic Cloud           Conj/Pois/Air  #.......     83%         3    ####...
 Petrify                  Tmut/Erth      #.......     99%         4    #####..
 Metabolic Englaciation   Hex/Ice        #.........   100%        5    ######.
 Yara's Violent Unravell  Hex/Tmut       #.........   100%        5    ######.


Dungeon Overview and Level Annotations

Branches:
Dungeon (4/15)
 Temple: D:4-7

Altars:
Fedhas
Makhleb

Annotations:
D:3 exclusion: 2 downstairs


Message History

You kill the worker ant!
You hear a shout!
You now have 191 gold pieces (gained 20).
You feel sick.
An orc comes into view.
The orc shouts!
An orc comes into view. It is wielding a +0 flail.
You feel sick.
You feel sick.
You feel sick.
An orc and an orc wizard come into view.
An orc comes into view. It is wielding a +0 club.
The orc wizard gestures at you while chanting.
The magic dart hits you.
* * * LOW HITPOINT WARNING * * *
You feel sick.
You are no longer poisoned.
The orc wizard gestures at you while chanting.
The magic dart hits you!
You die...

#.# #...#.#.#####
#...........#
#...#.#.###.# .
#.#.#.#.# #.# ..#
#...#.# #.# ....#
#...#.###.#
......#.........#
#..@...o.o.##
#.##.#o###.# #
#....# #.#
#.....##o#
#.#o#.##.#
#.o>..##.#
###o####o##
..........#
###o####..#


You could see an orc wizard and 4 orcs.

Vanquished Creatures
  2 worker ants
  5 adders
  2 adder skeletons (D:4)
  2 worms
  A dart slug (D:3)
  3 leopard geckos
  4 orcs
  3 ball pythons (D:3)
  9 bats
  11 goblins
  5 hobgoblins
  2 jackals (D:2)
  A quokka (D:3)
  3 frilled lizards
  3 kobolds
  8 rats
64 creatures vanquished.

Notes
Turn   | Place    | Note
-------+----------+-------------------------------------------
     0 | D:1      | H0rd4k the Human Artificer began the quest for the Orb.
     0 | D:1      | Reached XP level 1. HP: 15/15 MP: 3/3
   658 | D:1      | Reached XP level 2. HP: 16/21 MP: 4/4
   971 | D:2      | Reached XP level 3. HP: 23/26 MP: 5/5
  1572 | D:2      | Reached skill level 1 in Armour
  1664 | D:2      | Reached XP level 4. HP: 23/32 MP: 6/6
  2370 | D:3      | Learned a level 2 spell: Blink
  2372 | D:3      | Learned a level 1 spell: Confusing Touch
  2683 | D:3      | Reached XP level 5. HP: 24/37 MP: 7/7
  3173 | D:3      | Found a burning altar of Makhleb.
  4154 | D:4      | Found a blossoming altar of Fedhas.
  4337 | D:4      | Killed from afar by an orc wizard

Skill      XL: |  1  2  3  4  5 |
---------------+----------------+-----
Armour         | 1 |  1.9
Short Blades   | 2 |  2.2
Dodging        | 3 |  3.2
Stealth        | 2 |  2.1
Fighting       | |  1.5
Spellcasting   | |  0.2
Evocations     | |  3.6

Action                   |  1- 3 |  4- 6 || total
-------------------------+-------+-------++-------
Melee: Short sword       |    93 |   210 ||   303
 Cast: Confusing Touch   |       |     6 ||     6
Evoke: Wand              |     9 |     9 ||    18
  Use: Potion            |       |     4 ||     4
 Stab: Sleeping          |     2 |     5 ||     7
       Confused          |       |     5 ||     5
  Eat: Chunk             |     2 |     8 ||    10
Armor: Leather armour    |    29 |    21 ||    50
Dodge: Dodged            |    76 |   123 ||   199
